 Dungeon Crawl Stone Soup version 0.18-a0-775-g4d9e04e (webtiles) character file.

112 tof the Charmwright (level 4, -2/34 HPs)
             Began as a Merfolk Skald on Dec 13, 2015.
             Was a Follower of Nemelex Xobeh.
             Slain by a gnoll
             ... wielding a +0 whip
              (7 damage)
             ... on level 3 of the Dungeon.
             The game lasted 00:15:16 (2993 turns).

tof the Charmwright (Merfolk Skald)                 Turns: 2993, Time: 00:15:17

Health: -2/34      AC:  3    Str: 12    XL:     4   Next: 95%
Magic:  13/16      EV: 15    Int: 11    God:    Nemelex Xobeh [*.....]
Gold:   65         SH:  0    Dex: 14    Spells: 2 memorised, 4 levels left

rFire  . . .     SeeInvis .     a - +1 falchion
rCold  . . .     Clarity  .     b - +0 leather armour
rNeg   . . .     SustAt   .     (no shield)
rPois  .         Gourm    .     (no helmet)
rElec  .         Spirit   .     (no cloak)
rCorr  .         Dismiss  .     (no gloves)
rMut   .         Stasis   .     (no boots)
MR     .....                    (no amulet)
Stlth  +.........               j - ring of magical power
                                i - +3 ring of evasion

@: singing, not resistant to hostile enchantments, very unstealthy
A: change form in water, swift swim
a: Renounce Religion, Stop Singing


You were on level 3 of the Dungeon.
You worshipped Nemelex Xobeh.
Nemelex Xobeh was aware of your devotion.
You were not hungry.

You visited 1 branch of the dungeon, and saw 3 of its levels.

You collected 65 gold pieces.

Inventory:

Hand Weapons
 a - a +1 falchion (weapon)
Armour
 b - a +0 leather armour (worn)
Jewellery
 i - a +3 ring of evasion (left hand)
 j - a ring of magical power (right hand)
Scrolls
 f - a scroll of enchant armour {unknown}
 l - a scroll of identify
Potions
 e - a potion of curing
Books
 c - a book of Battle

   Spells                             Type                      Level
   a - Infusion                       Charms                       1
   b - Shroud of Golubria             Charms/Translocation         2
   c - Song of Slaying                Charms                       2
   d - Spectral Weapon                Hexes/Charms                 3
   e - Regeneration                   Charms/Necromancy            3
Miscellaneous
 k - an ornate deck of destruction
Comestibles
 d - a bread ration
 g - a beef jerky
 h - a chunk of flesh


   Skills:
 + Level 2.5 Fighting
 * Level 3.3 Long Blades
 + Level 1.3 Armour
 + Level 2.2 Dodging
 + Level 0.8 Stealth
 + Level 2.3 Spellcasting
 + Level 4.1 Charms


You had 4 spell levels left.
You knew the following spells:

 Your Spells              Type           Power        Failure   Level  Hunger
a - Infusion              Chrm           ##....       10%         1    ##.....
b - Song of Slaying       Chrm           ##......     12%         2    ###....


Dungeon Overview and Level Annotations

Branches:
Dungeon (3/15)

Altars:
Nemelex Xobeh


Message History

You butcher the orc corpse.
You hear a shout!
h - a chunk of flesh
Things that are here:
a whip; a ring mail A gnoll comes into view.
It is wielding a whip.
You hear a shout!
A gnoll comes into view. It is wielding a halberd.
You hear a shout!
A gnoll comes into view. It is wielding a halberd.
You hit the gnoll.
The gnoll is heavily wounded.
The gnoll hits you with a whip.
You barely miss the gnoll.
The gnoll is heavily wounded.
The gnoll hits you from afar with a halberd!
* * * LOW HITPOINT WARNING * * *
The gnoll hits you with a whip!
You die...
Your body disappears without a glow.

#..................
..##..................##
......................#
......................##
........................
........................
.....g.......##.........
........#.#.............
..g...g@..).............
g......############.....
....... #..... .......
####.. ....... ........
....... ........ .......
........ .......
........ ........


You could see 4 gnolls.

Vanquished Creatures
  5 adders
  2 oozes (D:3)
  2 worms
  An orc (D:3)
  6 bats
  2 giant cockroaches
  6 goblins
  11 hobgoblins
  7 giant newts
  5 kobolds
  11 rats
58 creatures vanquished.

Notes
Turn   | Place    | Note
--------------------------------------------------------------
     0 | D:1      | tof the Merfolk Skald began the quest for the Orb.
     0 | D:1      | Reached XP level 1. HP: 16/16 MP: 3/3
   143 | D:1      | Reached XP level 2. HP: 12/22 MP: 0/5
   310 | D:1      | Learned a level 2 spell: Song of Slaying
   717 | D:1      | Reached skill level 4 in Charms
   798 | D:1      | Reached XP level 3. HP: 25/28 MP: 6/6
  1802 | D:2      | Found a sparkling altar of Nemelex Xobeh.
  1808 | D:2      | Became a worshipper of Nemelex Xobeh the Trickster
  2112 | D:2      | Received a gift from Nemelex Xobeh
  2241 | D:2      | Reached XP level 4. HP: 30/34 MP: 7/7
  2526 | D:3      | Reached * piety under Nemelex Xobeh
  2602 | D:3      | Reached skill level 1 in Armour
  2993 | D:3      | Slain by a gnoll

Vault maps used:
D:1:      dpeg_arrival_arbitrary_b
D:2:      overflow_temple_1_default, minmay_stone_trees_medium

Action                   |  1- 3 |  4- 6 || total
-------------------------+-------+-------++-------
Melee: Falchion          |   113 |    73 ||   186
 Cast: Infusion          |    10 |     5 ||    15
       Song of Slaying   |     1 |     2 ||     3
  Use: Scroll            |     6 |     1 ||     7
       Potion            |     2 |     1 ||     3
 Stab: Sleeping          |     1 |     1 ||     2
  Eat: Chunk             |     5 |       ||     5
       Bread ration      |       |     1 ||     1
